Workbook

Sheet Assumptions
A1: Assumptions
A2: General Assumptions
A3: AVC per Unit | B3: 140
A4: lifespan | B4: 5
A5: Increamental Fixed Cost | B5: 5000000
A6: Sales units | B6: 70000 | C6: 90000 | D6: 100000 | E6: 85000 | F6: 75000
A7: Selling Price per Unit | B7: 350
A8: Equipement Cost | B8: 17000000
A9: MACRS 7 Years | B9: 0.1429 | C9: 0.2449 | D9: 0.1749 | E9: 0.1249 | F9: 0.0893
A10: Tax Rate | B10: 0.35
A11: Salvage value | B11: 3500000
A12: R&D | B12: 700000
A13: Marketing | B13: 250000
A14: Discounting Factors@10% | B14: 0.9091 | C14: 0.8264 | D14: 0.7513 | E14: 0.683 | F14: 0.6209
A15: Year 5 Depreciation adjustment
A16: Purchase Price of the Equipment | B16: =B8 -> 17000000
A17: Less Salvage Value | B17: =B11 -> 3500000
A18: Depreciation Tax Credit Allowed | B18: =B16-B17 -> 13500000
A19: Less 5 years MACRS Depreciation | B19: =SUM('Soft-Touch iPod'!C11:G11) -> -13207300
A20: Depreciation Adjustment | B20: =SUM(B18:B19) -> 292700
A21: Net Working Capital
A22: Account Receivables 10% of sales | B22: =0.1*'Soft-Touch iPod'!C7 -> 2450000 | C22: =0.1*'Soft-Touch iPod'!D7 -> 3150000 | D22: =0.1*'Soft-Touch iPod'!E7 -> 3500000 | E22: =0.1*'Soft-Touch iPod'!F7 -> 2975000 | F22: =SUM(B22:E22) -> 12075000
A23: Inventory @15 of Net Vaiable Cost | B23: =-0.15*'Soft-Touch iPod'!C8 -> 1470000 | C23: =-0.15*'Soft-Touch iPod'!D8 -> 1890000 | D23: =-0.15*'Soft-Touch iPod'!E8 -> 2100000 | E23: =-0.15*'Soft-Touch iPod'!F8 -> 1785000 | F23: =SUM(B23:E23) -> 7245000
A24: Payables @10 %of Net Vaiable Cost | B24: =0.1*'Soft-Touch iPod'!C8 -> -980000 | C24: =0.1*'Soft-Touch iPod'!D8 -> -1260000 | D24: =0.1*'Soft-Touch iPod'!E8 -> -1400000 | E24: =0.1*'Soft-Touch iPod'!F8 -> -1190000 | F24: =SUM(B24:E24) -> -4830000
A25: Change in Net Working Capital | B25: =SUM(B22:B24) -> 2940000 | C25: =SUM(C22:C24) -> 3780000 | D25: =SUM(D22:D24) -> 4200000 | E25: =SUM(E22:E24) -> 3570000 | F25: =SUM(F22:F24) -> 14490000
A27: Slim-Line data assuming no Soft-Touch product introduction
A28: Sales Quantity | B28: 80000 | C28: 60000
A29: Selling Price | B29: 260
A30: Variable Cost | B30: 120
A31: Fixed Cost | B31: 2000000
A33: Slim-Line data assuming Soft-Touch product introduction
A34: Sales Quantity | B34: =B28-15000 -> 65000 | C34: =C28-15000 -> 45000
A35: Selling Price | B35: 220
A36: Variable Cost | B36: 120
A37: Fixed Cost | B37: 2000000

Sheet Soft-Touch iPod
A1: Soft Touch iPod
A2: Year | B2: 0 | C2: =B2+1 -> 1 | D2: =C2+1 -> 2 | E2: =D2+1 -> 3 | F2: =E2+1 -> 4 | G2: =F2+1 -> 5
A3: R&D | B3: =-Assumptions!B12 -> -700000
A4: Marketing | B4: =-Assumptions!B13 -> -250000
A5: =Assumptions!A8 -> Equipement Cost | B5: =-Assumptions!B8 -> -17000000
A6: Working Capital | B6: =-Assumptions!F25 -> -14490000
A7: Sales | C7: =Assumptions!B6*Assumptions!$B$7 -> 24500000 | D7: =Assumptions!C6*Assumptions!$B$7 -> 31500000 | E7: =Assumptions!D6*Assumptions!$B$7 -> 35000000 | F7: =Assumptions!E6*Assumptions!$B$7 -> 29750000 | G7: =Assumptions!F6*Assumptions!$B$7 -> 26250000
A8: Variable Cost | C8: =-Assumptions!B6*Assumptions!$B$3 -> -9800000 | D8: =-Assumptions!C6*Assumptions!$B$3 -> -12600000 | E8: =-Assumptions!D6*Assumptions!$B$3 -> -14000000 | F8: =-Assumptions!E6*Assumptions!$B$3 -> -11900000 | G8: =-Assumptions!F6*Assumptions!$B$3 -> -10500000
A9: Fixed Cost | C9: =-Assumptions!$B$5 -> -5000000 | D9: =-Assumptions!$B$5 -> -5000000 | E9: =-Assumptions!$B$5 -> -5000000 | F9: =-Assumptions!$B$5 -> -5000000 | G9: =-Assumptions!$B$5 -> -5000000
A10: Cash inflow | C10: =SUM(C7:C9) -> 9700000 | D10: =SUM(D7:D9) -> 13900000 | E10: =SUM(E7:E9) -> 16000000 | F10: =SUM(F7:F9) -> 12850000 | G10: =SUM(G7:G9) -> 10750000
A11: Depreciation | C11: =-Assumptions!B9*Assumptions!$B$8 -> -2429300 | D11: =-Assumptions!C9*Assumptions!$B$8 -> -4163300 | E11: =-Assumptions!D9*Assumptions!$B$8 -> -2973300 | F11: =-Assumptions!E9*Assumptions!$B$8 -> -2123300 | G11: =-Assumptions!F9*Assumptions!$B$8 -> -1518100
A12: =Assumptions!A15 -> Year 5 Depreciation adjustment | G12: =-Assumptions!B20 -> -292700
A13: Cashflow Before Tax | C13: =SUM(C10:C12) -> 7270700 | D13: =SUM(D10:D12) -> 9736700 | E13: =SUM(E10:E12) -> 13026700 | F13: =SUM(F10:F12) -> 10726700 | G13: =SUM(G10:G12) -> 8939200
A14: Tax@35% | C14: =-Assumptions!$B$10*'Soft-Touch iPod'!C13 -> -2544745 | D14: =-Assumptions!$B$10*'Soft-Touch iPod'!D13 -> -3407845 | E14: =-Assumptions!$B$10*'Soft-Touch iPod'!E13 -> -4559345 | F14: =-Assumptions!$B$10*'Soft-Touch iPod'!F13 -> -3754345 | G14: =-Assumptions!$B$10*'Soft-Touch iPod'!G13 -> -3128720
A15: Cashflow after tax | C15: =SUM(C13:C14) -> 4725955 | D15: =SUM(D13:D14) -> 6328855 | E15: =SUM(E13:E14) -> 8467355 | F15: =SUM(F13:F14) -> 6972355 | G15: =SUM(G13:G14) -> 5810480
A16: Salvage Value | C16: 0 | D16: 0 | E16: 0 | F16: 0 | G16: =Assumptions!B11 -> 3500000
A17: Add back Depreciation | C17: =Assumptions!B9*Assumptions!$B$8 -> 2429300 | D17: =Assumptions!C9*Assumptions!$B$8 -> 4163300 | E17: =Assumptions!D9*Assumptions!$B$8 -> 2973300 | F17: =Assumptions!E9*Assumptions!$B$8 -> 2123300 | G17: =Assumptions!F9*Assumptions!$B$8 -> 1518100
A18: Add back Depreciation Adj Y5 | G18: =Assumptions!B20 -> 292700
A19: Return of Net Working Capital | G19: =Assumptions!F25 -> 14490000
A20: Net cashflow | B20: =SUM(B3:B18) -> -32440000 | C20: =SUM(C15:C18) -> 7155255 | D20: =SUM(D15:D18) -> 10492155 | E20: =SUM(E15:E18) -> 11440655 | F20: =SUM(F15:F18) -> 9095655 | G20: =SUM(G15:G18) -> 11121280
A21: =Assumptions!A14 -> Discounting Factors@10% | B21: 1 | C21: =Assumptions!B14 -> 0.9091 | D21: =Assumptions!C14 -> 0.8264 | E21: =Assumptions!D14 -> 0.7513 | F21: =Assumptions!E14 -> 0.683 | G21: =Assumptions!F14 -> 0.6209
A22: Present Value | B22: =B20*B21 -> -32440000 | C22: =C20*C21 -> 6504842.3 | D22: =D20*D21 -> 8670716.9 | E22: =E20*E21 -> 8595364.1 | F22: =F20*F21 -> 6212332.4 | G22: =G20*G21 -> 6905202.8
A24: Cumilative Cashflow | C24: =B22+C22 -> -25935158 | D24: =IFERROR(C24+D22,0) -> -17264441 | E24: =IFERROR(D24+E22,0) -> -8669076.7 | F24: =IFERROR(E24+F22,0) -> -2456744.3 | G24: =IFERROR(F24+G22,0) -> 4448458.4
A25: Payback Period | B25: =4+(-F24/G22) -> 4.3557816
A26: NPV | B26: =SUM(B22:G22) -> 4448458.4

Sheet Slim Line 
A1: Slim Line Cashflow Before Introduction of Soft Touch
A2: Year | B2: 1 | C2: 2
A3: Sales | B3: =Assumptions!B28*Assumptions!$B$29 -> 20800000 | C3: =Assumptions!C28*Assumptions!$B$29 -> 15600000
A4: =Assumptions!A30 -> Variable Cost | B4: =-Assumptions!B28*Assumptions!$B$30 -> -9600000 | C4: =-Assumptions!C28*Assumptions!$B$30 -> -7200000
A5: =Assumptions!A31 -> Fixed Cost | B5: =-Assumptions!$B$31 -> -2000000 | C5: =Assumptions!$B$31 -> 2000000
A6: Cashflow | B6: =SUM(B3:B5) -> 9200000 | C6: =SUM(C3:C5) -> 10400000
A7: Taxes | B7: =-B6*Assumptions!$B$10 -> -3220000 | C7: =-C6*Assumptions!$B$10 -> -3640000
A8: Net Casflow | B8: =B6+B7 -> 5980000 | C8: =C6+C7 -> 6760000
A9: PV factor | B9: =Assumptions!B14 -> 0.9091 | C9: =Assumptions!C14 -> 0.8264
A10: PV | B10: =B8*B9 -> 5436418 | C10: =C8*C9 -> 5586464
A12: Present Value | B12: =SUM(B10:C10) -> 11022882
A14: Slim Line Cashflow Before Introduction of Soft Touch
A15: Year | B15: 1 | C15: 2
A16: Sales | B16: =Assumptions!B34*Assumptions!$B$35 -> 14300000 | C16: =Assumptions!C34*Assumptions!$B$35 -> 9900000
A17: =Assumptions!A36 -> Variable Cost | B17: =-Assumptions!$B$36*Assumptions!B34 -> -7800000 | C17: =-Assumptions!$B$36*Assumptions!C34 -> -5400000
A18: =Assumptions!A37 -> Fixed Cost | B18: =-Assumptions!$B$31 -> -2000000 | C18: =-Assumptions!$B$31 -> -2000000
A19: Cashflow | B19: =SUM(B16:B18) -> 4500000 | C19: =SUM(C16:C18) -> 2500000
A20: Taxes | B20: =-B19*Assumptions!$B$10 -> -1575000 | C20: =-C19*Assumptions!$B$10 -> -875000
A21: Net Cashflow | B21: =B19+B20 -> 2925000 | C21: =C19+C20 -> 1625000
A22: PV factor | B22: =Assumptions!B14 -> 0.9091 | C22: =Assumptions!C14 -> 0.8264
A23: PV | B23: =B21*B22 -> 2659117.5 | C23: =C21*C22 -> 1342900
A25: Present Value | B25: =SUM(B23:C23) -> 4002017.5

Sheet Decision
